 Dungeon Crawl Stone Soup version 0.31.0-32-g396128a36d (webtiles) character file.

Game seed: 5923564035551363586

519 Silvore the Cudgeller (level 7, -7/50 (60) HPs)
             Began as a Minotaur Fighter on Mar 11, 2024.
             Was an Initiate of the Shining One.
             Mangled by Edmund
             ... wielding a +1 dire flail of draining
              (8 damage)
             ... on level 5 of the Dungeon.
             The game lasted 00:05:40 (3907 turns).

Silvore the Cudgeller (Minotaur Fighter)            Turns: 3907, Time: 00:05:40

HP:   -7/50 (60)    AC:  8    Str: 22    XL:     7   Next: 1%
MP:   6/6           EV: 10    Int:  5    God:    the Shining One [......]
Gold: 239           SH:  4    Dex: 10    Spells: 6/6 levels left

rFire   . . .        e - +1 mace
rCold   . . .        c - +0 buckler
rNeg    . . .        b - +0 scale mail
rPois   .            (helmet restricted)
rElec   .            l - +0 cloak
rCorr   .            (no gloves)
SInv    .            (no boots)
Will    .....        (no amulet) Stlth
                     (no ring)
HPRegen 0.28/turn    (no ring)
MPRegen 0.10/turn

%: no passive effects
@: mighty, glowing, heavily drained
A: horns 2, retaliatory headbutt
a: Renounce Religion


You were on level 5 of the Dungeon.
You worshipped the Shining One.
The Shining One was noncommittal.
You visited 2 branches of the dungeon, and saw 6 of its levels.

You collected 239 gold pieces.

Inventory:

Hand Weapons
 a - a +0 flail
 e - a +1 mace (weapon)
Missiles
 m - a throwing net (quivered)
Armour
 b - a +0 scale mail (worn)
 c - a +0 buckler (worn)
 l - a +0 cloak (worn)
Wands
 q - a wand of roots (2)
Scrolls
 i - a scroll of teleportation
Potions
 f - a potion of attraction {unknown}
 g - 2 potions of lignification {unknown}
 h - 2 potions of heal wounds {unknown}
 k - 2 potions of magic {unknown}
 n - a potion of enlightenment {unknown}
 o - a potion of resistance {unknown}
 p - 2 potions of curing {unknown}
 r - a potion of berserk rage {unknown}


   Skills:
 + Level 4.8 Fighting
 + Level 6.4 Maces & Flails
 + Level 5.4 Armour
 + Level 2.0 Dodging
 + Level 0.3 Stealth
 + Level 4.5 Shields


You had 6 spell levels left.
You didn't know any spells.
Your spell library was empty.

Dungeon Overview and Level Annotations

Branches:
Dungeon (5/15)             Temple (1/1) D:5

Altars:
Ashenzari
Cheibriados
Dithmenos
Elyvilon
Gozag
Kikubaaqudgha
Makhleb
Ru
Sif Muna
Trog
Uskayaw
Vehumet
Wu Jian
Xom
Yredelemnul
The Shining One

Annotations:
D:5 Edmund


Innate Abilities, Weirdness & Mutations

You have a pair of horns on your head.
You reflexively headbutt those who attack you in melee.


Message History

Edmund barely misses you.
You hit Edmund. You headbutt Edmund.
Edmund is lightly wounded.
Edmund hits you with a +1 dire flail of draining.
You feel drained.
You hit Edmund but do no damage.
Edmund is lightly wounded.
Edmund hits you with a +1 dire flail of draining!
You feel drained.
You closely miss Edmund. You headbutt Edmund, but do no damage.
Edmund is lightly wounded.
Edmund hits you with a +1 dire flail of draining!
You feel drained.
Unknown command.
You hit Edmund.
Edmund is moderately wounded.
The iguana bites you but does no damage.
Edmund hits you with a +1 dire flail of draining.
* * * LOW HITPOINT WARNING * * *
You feel drained.
* * * LOW HITPOINT WARNING * * *
Okay, then.
You feel very mighty all of a sudden. The iguana barely misses you.
You furiously retaliate!
You headbutt the iguana!
Edmund hits you with a +1 dire flail of draining!
* * * LOW HITPOINT WARNING * * *
You feel drained.
Unknown command.
You sock Edmund!
Edmund is heavily wounded.
The iguana bites you.
* * * LOW HITPOINT WARNING * * *
Edmund barely misses you. You furiously retaliate!
You headbutt Edmund!
Unknown command.
You bludgeon Edmund!! You headbutt Edmund, but do no damage.
Edmund is almost dead.
You block the iguana's attack.
Edmund hits you with a +1 dire flail of draining!
You die...
Edmund says, "That'll show my brother!"

....... .. #...>.# ...
#.....## ....#
#......##
.....##.......#
......#.......#
........l.....#
......#.@@##..#
......#.#..#.###
...#..#....#....#
....##....#..##.#
........>........ #
.....#....##..## ..
....#....#..#.# .. ...
#..#.#....#######.#
.....##...#..#........#


You could see Edmund and an iguana.

Vanquished Creatures
  Menkaure (D:5)
  A phantom (D:4)
  A scorpion (D:4)
  A bombardier beetle (D:4)
  An orc priest (D:4)
  Crazy Yiuf (D:2)
  A jelly (D:4)
  4 adders
  3 dart slugs
  2 ribbon worms
  3 orcs
  8 ball pythons
  8 endoplasms
  A giant cockroach (D:2)
  14 goblins
  12 hobgoblins
  6 jackals
  2 quokkas
  8 bats
  5 frilled lizards
  10 kobolds
  5 rats
98 creatures vanquished.

Notes
Turn   | Place    | Note
-------+----------+-------------------------------------------
     0 | D:1      | Silvore the Minotaur Fighter began the quest for the Orb.
     0 | D:1      | Reached XP level 1. HP: 19/19 MP: 0/0
   103 | D:1      | Reached XP level 2. HP: 24/27 MP: 1/1
   384 | D:1      | Reached skill level 3 in Maces & Flails
   384 | D:1      | Reached XP level 3. HP: 32/33 MP: 2/2
   917 | D:2      | Reached XP level 4. HP: 41/41 MP: 3/3
  1047 | D:2      | Found a faded altar of an unknown god.
  1312 | D:2      | Found a runed translucent door.
  1313 | D:2      | Noticed Crazy Yiuf
  1467 | D:2      | Killed Crazy Yiuf
  1468 | D:2      | Reached skill level 4 in Maces & Flails
  1745 | D:3      | Found a broken altar of Ashenzari.
  1772 | D:3      | Found a radiant altar of Vehumet.
  2103 | D:3      | Reached XP level 5. HP: 43/47 MP: 4/4
  2809 | D:4      | Reached skill level 1 in Dodging
  2978 | D:4      | Reached skill level 5 in Maces & Flails
  3100 | D:4      | Noticed a phantom
  3109 | D:4      | Killed a phantom
  3110 | D:4      | Reached XP level 6. HP: 52/53 MP: 5/5
  3262 | D:4      | Reached skill level 5 in Armour
  3630 | D:4      | Reached skill level 6 in Maces & Flails
  3818 | D:5      | Entered Level 5 of the Dungeon
  3818 | D:5      | Noticed Menkaure
  3824 | D:5      | Killed Menkaure
  3825 | D:5      | Reached XP level 7. HP: 57/60 MP: 6/6
  3825 | D:5      | Found a staircase to the Ecumenical Temple.
  3836 | Temple   | Entered the Ecumenical Temple
  3876 | Temple   | Became a worshipper of the Shining One
  3895 | D:5      | Noticed Edmund
  3905 | D:5      | HP: 1/52 [Edmund/+1 dire flail of draining (9)]
  3907 | D:5      | Mangled by Edmund

Illustrated notes

Levels and vault maps discovered:
D:1:      lightli_arrival_windingriver, layout_loops_ring, minmay_tripent
D:2:      layout_basic, ebering_ecumenical_altar_hall, grunt_ministairs_10,
          hex_large, uniq_crazy_yiuf_cottage
D:3:      layout_loops_corners, mainiacjoe_overflow_catch_the_wave,
          glass_columns_a, reono_crystal_passage
D:4:      layout_basic
D:5:      layout_rooms, fedhas_bush_and_centaur_altar,
          mainiacjoe_overflow_divided_tiny, minmay_temple_entry_mini_moons,
          nrook_campfire, minmay_a_box_with_orc_wizards_in_it, uniq_menkaure,
          uniq_edmund, uniq_blork_the_orc
Temple:   dpeg_chambers_temple

Skill      XL: |  1  2  3  4  5  6 |
---------------+-------------------+-----
Fighting       | 4 |  4.8
Shields        | 4 |  4.5
Maces & Flails | 3 4 5 6 |  6.4
Armour         | 4 5 |  5.4
Dodging        | 1 2 |  2.0
Stealth        | |  0.3

Action                     |  1- 3 |  4- 6 |  7- 9 || total
---------------------------+-------+-------+-------++-------
  Melee: Flail             |    12 |       |       ||    12
         Headbutt          |    13 |    14 |     3 ||    30
         Mace              |    80 |   104 |     8 ||   192
    Use: Scroll            |     1 |     7 |       ||     8
         Potion            |       |     1 |     1 ||     2
 Armour: Scale mail        |    48 |    83 |     9 ||   140
  Dodge: Dodged            |    49 |    50 |     4 ||   103
  Block: Buckler           |    24 |    27 |     1 ||    52
